 Dungeon Crawl Stone Soup version 0.30-a0-782-ge64f9170bb (webtiles) character file.

Game seed: 11201883662303657319

78 Dirtsage the Chopper (level 4, -3/35 HPs)
             Began as a Demonspawn Fighter on Mar 9, 2023.
             Slain by an ogre
             ... wielding a +0 giant club
              (16 damage)
             ... on level 5 of the Dungeon.
             The game lasted 00:02:43 (1651 turns).

Dirtsage the Chopper (Demonspawn Fighter)           Turns: 1651, Time: 00:02:43

Health: -3/35      AC: 10    Str: 25    XL:     4   Next: 15%
Magic:  4/4        EV:  9    Int:  9    God:
Gold:   49         SH:  4    Dex: 12    Spells: 3/3 levels left

rFire   . . .      SeeInvis .    a - +0 war axe
rCold   . . .      Faith    .    c - +0 buckler
rNeg    . . .      Spirit   .    b - +0 scale mail
rPois   .          Reflect  .    (no helmet)
rElec   .          Harm     .    (no cloak)
rCorr   .          Rampage  .    q - +1 pair of gloves
Will    .....                    (no boots) Stlth
                                 (no amulet)
HPRegen 0.25/turn                e - +6 ring of strength
MPRegen 0.09/turn                (no ring)

@: no status effects
A: molten scales 1, demonic guardian 1
a: no special abilities


You were on level 5 of the Dungeon.
You visited 1 branch of the dungeon, and saw 5 of its levels.

You collected 49 gold pieces.

Inventory:

Hand Weapons
 a - a +0 war axe (weapon)
Armour
 b - a +0 scale mail (worn)
 c - a +0 buckler (worn)
 o - a +0 pair of gloves
 q - a +1 pair of gloves (worn)
Jewellery
 e - a +6 ring of strength (left hand)
Wands
 l - a wand of charming (2)
Scrolls
 i - a scroll of fear {unknown}
 j - a scroll of butterflies {unknown}
 m - a scroll of fog {unknown}
 n - a scroll of noise {unknown}
 p - a scroll of identify {unknown}
Potions
 d - a potion of might
 f - 2 potions of brilliance {unknown}
 g - a potion of magic {unknown}
 h - 2 potions of flight {unknown}
 k - a potion of mutation {unknown}


   Skills:
 - Level 3.0 Fighting
 + Level 4.1 Axes
 - Level 2.6 Armour
 - Level 2.6 Shields


You had 3 spell levels left.
You didn't know any spells.
Your spell library was empty.

Dungeon Overview and Level Annotations

Branches:
Dungeon (6/15)
 Temple: D:4-7

Altars:


Innate Abilities, Weirdness & Mutations

You are partially covered in molten scales. (AC +2)
A weak demonic guardian rushes to your aid.


Message History

A sourceless malevolence fills the Dungeon...
You fall into a shaft and drop 3 floors!
The shaft crumbles and collapses.
Found a robe and a pair of runed gloves.
Found a stone staircase leading up.
q - a +1 pair of gloves
There is a stone staircase leading up here.
You climb upwards.
There is a stone staircase leading down here.
You start removing your armour.
You continue taking off your +0 pair of gloves. x4
You finish taking off your +0 pair of gloves.
You start putting on your armour.
You continue putting on your +1 pair of gloves. x5
You finish putting on your +1 pair of gloves.
There is a stone staircase leading down here.
An ogre and a white imp come into view.
The white imp shouts!
Okay, then.
You hit the ogre.
The ogre is lightly wounded.
The ogre hits you with a +0 giant club!
You take 8 damage, and have 27/35 hp.
MASSIVE DAMAGE!!
You hit the ogre.
The ogre is lightly wounded.
The white imp gestures at you.
The puff of frost hits you but does no damage.
The ogre hits you with a +0 giant club!
You take 8 damage, and have 19/35 hp.
MASSIVE DAMAGE!!
You barely miss the ogre.
The ogre is lightly wounded.
The white imp gestures at you. The puff of frost hits you!
The ogre barely misses you.
You take 6 damage, and have 13/35 hp.
You slash the ogre!
The ogre is moderately wounded.
You barely miss the ogre.
The ogre is moderately wounded.
The ogre hits you with a +0 giant club!
You die...

#.# #.# #.#
#.# # #5#
+.##.#
#..O.# #@#
#.# #.#
####.#
#.##.#
######.##.#
#......>..#
#.#########


You could see an ogre and a white imp.

Vanquished Creatures
  3 adders (D:2)
  A worm (D:2)
  A dart slug (D:2)
  9 bats
  4 endoplasms
  2 giant cockroaches (D:2)
  A goblin (D:1)
  5 hobgoblins
  2 jackals (D:2)
  A quokka (D:2)
  5 ball pythons
  3 frilled lizards
  2 kobolds (D:2)
  6 rats
45 creatures vanquished.

Notes
Turn   | Place    | Note
-------+----------+-------------------------------------------
     0 | D:1      | Dirtsage the Demonspawn Fighter began the quest for the
                  | Orb.
     0 | D:1      | Reached XP level 1. HP: 18/18 MP: 1/1
    32 | D:1      | Reached skill level 2 in Axes
   171 | D:1      | Gained mutation: You are partially covered in molten
                  | scales. (AC +2) [demonic ancestry]
   171 | D:1      | Reached XP level 2. HP: 23/24 MP: 2/2
   285 | D:1      | Found a faded altar of an unknown god.
   490 | D:1      | Reached skill level 3 in Axes
   795 | D:2      | Reached XP level 3. HP: 21/29 MP: 3/3
  1270 | D:2      | Reached skill level 4 in Axes
  1270 | D:2      | Gained mutation: A weak demonic guardian rushes to your
                  | aid. [demonic ancestry]
  1270 | D:2      | Reached XP level 4. HP: 33/35 MP: 4/4
  1429 | D:2      | Found the +7 sceptre of Torment {pain, torment}
  1609 | D:3      | You fall into a shaft and drop 3 floors!
  1626 | D:5      | Entered Level 5 of the Dungeon
  1646 | D:5      | Noticed an ogre
  1651 | D:5      | Slain by an ogre

Illustrated notes

Levels and vault maps discovered:
D:1:      minmay_arrival_cross, layout_basic, basic_ecumenical_altar
D:2:      layout_basic
D:3:      layout_loops_cross, vehumet_crystals
D:5:      layout_basic, kiku_gazebo_pond_becter, kennysheep_mini_moat,
          minmay_temple_entry_purple_smoke, kennysheep_path_1,
          kennysheep_generic_room_4
D:6:      layout_gridville, minmay_a_box_with_orc_wizards_in_it, uniq_menkaure,
          uniq_crazy_yiuf_cottage

Skill      XL: |  1  2  3 |
---------------+----------+-----
Axes           | 2 3 4 |  4.1
Fighting       | |  3.0
Armour         | |  2.6
Shields        | |  2.6

Action                     |  1- 3 |  4- 6 || total
---------------------------+-------+-------++-------
  Melee: War axe           |    95 |    17 ||   112
 Armour: Scale mail        |    55 |     3 ||    58
  Dodge: Dodged            |    48 |    10 ||    58
  Block: Buckler           |    24 |     3 ||    27

Table legend: (Time is in decaauts)
 A = Elapsed time spent in this place.
 B = Non-inter-level travel time spent in this place.
 C = Inter-level travel time spent in this place.
 D = Time resting spent in this place.
 E = Time spent auto-exploring this place.
 F = Levels seen in this place.
 G = Mean time per level.
                   A        B        C        D        E       F      G
               +--------+--------+--------+--------+--------+-----+--------+
         Total |   1692 |   1657 |     35 |      0 |   1357 |   5 |  338.4 |
       Dungeon |   1692 |   1657 |     35 |      0 |   1357 |   5 |  338.4 |
               +--------+--------+--------+--------+--------+-----+--------+

Top non-repeatable levels by time:
     D:2: 875 daAuts
     D:1: 774 daAuts
     D:5: 26 daAuts
     D:6: 16 daAuts
